 Dungeon Sprint DCSS version 0.18.1-50-g88ac8fd (webtiles) character file.

375 RTS the Cleaver (level 6, 0/93 HPs)
             Began as a Minotaur Berserker on Oct 5, 2016.
             Was an Elder of Trog.
             Slain by a hill giant
             ... wielding a +0 giant club
              (23 damage)
             ... in the Dungeon (Sprint IX: "|||||||||||||||||||||||||||||").
             The game lasted 00:03:47 (362 turns).

RTS the Cleaver (Minotaur Berserker)                 Turns: 362, Time: 00:03:48

Health: 0/93       AC: 13    Str: 30    XL:     6   Next: 44%
Magic:  5/5        EV: 14    Int:  4    God:    Trog [****..]
Gold:   0          SH:  0    Dex: 11    Spells: 0 memorised, 5 levels left

rFire  . . .     SeeInvis .     s - +1 broad axe (chop)
rCold  . . .     Gourm    .     p - +1 chain mail
rNeg   . . .     Faith    .     (no shield)
rPois  .         Spirit   .     (helmet restricted)
rElec  .         Dismiss  .     (no cloak)
rCorr  .         Reflect  .     (no gloves)
SustAt .         Harm     .     o - +0 pair of boots
MR     ++...     NoTele   +     (no amulet)
Stlth  ..........               r - +2 ring of evasion
                                q - +3 ring of strength

@: berserking, regenerating, very quick, very resistant to hostile enchantments,
extremely unstealthy
A: retaliatory headbutt, horns 2
a: Berserk, Trog's Hand, Brothers in Arms, Burn Spellbooks, Renounce Religion


You were in the Dungeon.
You worshipped Trog.
Trog was greatly pleased with you.
You were not hungry.

You visited 1 branch

Inventory:

Hand Weapons
 s - a +1 broad axe of chopping (weapon)
Missiles
 k - 8 javelins of returning (quivered)
 l - 3 stones
Armour
 b - a +0 animal skin
 o - a +0 pair of boots (worn)
 p - a +1 chain mail (worn)
Jewellery
 q - a +3 ring of strength (left hand)
 r - a +2 ring of evasion (right hand)
Wands
 n - a wand of acid (7/15)
Scrolls
 i - 2 scrolls of blinking
 m - 3 scrolls of remove curse
Potions
 d - 5 potions of curing
 e - 3 potions of heal wounds
 f - a potion of haste
 g - 4 potions of magic
 h - a potion of berserk rage
 j - a potion of invisibility
Comestibles
 c - a bread ration


   Skills:
 + Level 8.5 Fighting
 * Level 10.8 Axes
 + Level 7.8 Armour
 + Level 7.1 Dodging


You had 5 spell levels left.
You didn't know any spells.

Dungeon Overview and Level Annotations

Branches:
Dungeon (1/1)

Altars:
Cheibriados
Dithmenos
Elyvilon
Fedhas
Gozag
Kikubaaqudgha
Makhleb
Nemelex Xobeh
Okawaru
Pakellas
Qazlal
Ru
Sif Muna
Trog
Vehumet
Xom
Yredelemnul
Zin
The Shining One
Beogh
Jiyva
Lugonu


Innate Abilities, Weirdness & Mutations

You reflexively headbutt those who attack you in melee.
You have a pair of horns on your head.


Message History

Your Fighting skill increases to level 8!
Your Axes skill gained 2 levels and is now at level 10!
Your Armour skill increases to level 7!
Your Dodging skill gained 2 levels and is now at level 7!
You have reached level 6!
Your experience leads to an increase in your attributes!
Your base attributes are Str 21, Int 4, Dex 11.
Increase (S)trength, (I)ntelligence, or (D)exterity?
You feel stronger.
The phantom blinks!
The hill giant hits you with a giant club!!
* * * LOW HITPOINT WARNING * * *
There is an open door to the Dungeon, spattered with blood here.
Items here: )) †† a giant spiked club; a giant club; a two-headed ogre corpse; an adder corpse You hit the hill giant but do no damage.
You slice the hill giant!! You headbutt the hill giant!
The hill giant is almost dead.
The hill giant hits you with a giant club!!
You die...

▓+▓
▓.▓
▓.▓
▓§▓
▓K▓
▓W▓
▓C▓
▓@▓
▓.▓
▓)▓
▓.▓
▓[▓
▓.▓
▓)▓
▓|▓
▓?▓


You could see a hill giant, a phantom and a big kobold.

Vanquished Creatures
  A two-headed ogre (D)
  A phantom (D)
  A crimson imp (D)
  A worker ant (D)
  2 adders (D)
  An adder skeleton (D)
  A giant cockroach (D)
  A goblin (D)
  A hobgoblin (D)
  A kobold (D)
  A bat (D)
  A rat (D)
13 creatures vanquished.

Notes
Turn   | Place    | Note
--------------------------------------------------------------
     0 | D        | RTS the Minotaur Berserker began the quest for the Orb.
     0 | D        | Reached XP level 1. HP: 19/19 MP: 0/0
     7 | D        | Reached ** piety under Trog
     7 | D        | Reached skill level 4 in Axes
    51 | D        | Noticed a phantom
    51 | D        | Noticed a worker ant
    51 | D        | Noticed a crimson imp
    53 | D        | Reached *** piety under Trog
    60 | D        | Killed a crimson imp
    60 | D        | Reached skill level 5 in Fighting
    60 | D        | Reached skill level 5 in Axes
    60 | D        | Reached XP level 2. HP: 29/29 MP: 1/1
    60 | D        | Reached XP level 3. HP: 36/36 MP: 2/2
    68 | D        | Reached skill level 6 in Axes
    70 | D        | Received a gift from Trog
    70 | D        | Reached XP level 4. HP: 25/44 MP: 3/3
    83 | D        | Killed a phantom
    83 | D        | Reached skill level 8 in Axes
    83 | D        | Reached skill level 5 in Dodging
    83 | D        | Reached XP level 5. HP: 18/51 MP: 4/4
   275 | D        | Found a glowing silver altar of Zin.
   275 | D        | Found a glowing golden altar of the Shining One.
   275 | D        | Found an ancient bone altar of Kikubaaqudgha.
   275 | D        | Found a basalt altar of Yredelemnul.
   275 | D        | Found a shimmering altar of Xom.
   275 | D        | Found a radiant altar of Vehumet.
   276 | D        | Found an iron altar of Okawaru.
   277 | D        | Found a burning altar of Makhleb.
   278 | D        | Found a deep blue altar of Sif Muna.
   279 | D        | Found a bloodstained altar of Trog.
   280 | D        | Found a sparkling altar of Nemelex Xobeh.
   281 | D        | Found a white marble altar of Elyvilon.
   282 | D        | Found a roughly hewn altar of Beogh.
   283 | D        | Found a viscous altar of Jiyva.
   284 | D        | Found a corrupted altar of Lugonu.
   285 | D        | Found a blossoming altar of Fedhas.
   286 | D        | Found a snail-covered altar of Cheibriados.
   287 | D        | Found a shadowy altar of Dithmenos.
   288 | D        | Found a stormy altar of Qazlal.
   289 | D        | Found an opulent altar of Gozag.
   290 | D        | Found a sacrificial altar of Ru.
   291 | D        | Found an oddly glowing altar of Pakellas.
   351 | D        | Noticed a hill giant
   351 | D        | Noticed a phantom
   351 | D        | Noticed a two-headed ogre
   353 | D        | Reached **** piety under Trog
   359 | D        | Killed a two-headed ogre
   359 | D        | Reached skill level 10 in Axes
   359 | D        | Reached XP level 6. HP: 41/62 MP: 5/5
   362 | D        | Slain by a hill giant

Skill      XL: |  1  2  3  4  5 |
---------------+----------------+-----
Fighting       | 5 6 8 |  8.5
Axes           | 5 6 8 10 | 10.8
Armour         | 4 6 7 |  7.8
Dodging        | 3 4 5 7 |  7.1

Action                   |  1- 3 |  4- 6 || total
-------------------------+-------+-------++-------
Melee: Hand axe          |    29 |     6 ||    35
       Headbutt          |     3 |     2 ||     5
       Broad axe         |       |     8 ||     8
Throw: Javelin           |       |     6 ||     6
Invok: Berserk           |       |     1 ||     1
       Trog's Hand       |       |     1 ||     1
Armor: Animal skin       |     5 |       ||     5
       Chain mail        |       |     1 ||     1
Dodge: Dodged            |    17 |     8 ||    25
